 Dungeon Crawl Stone Soup version 0.26-a0-597-gb535b0901c (webtiles) character file.

Game seed: 11917495178091177757

391074 vurker the Cryomancer (level 23, -19/127 HPs)
             Began as a Vine Stalker Ice Elementalist on Sept 12, 2020.
             Was the Champion of Vehumet.
             Demolished by a titan (39 damage)
             ... on level 5 of the Vaults.
             The game lasted 01:30:06 (52824 turns).

vurker the Cryomancer (VSIE)                       Turns: 52824, Time: 01:30:07

Health: -19/127    AC: 18    Str: 14    XL:     23   Next: 10%
Magic:  0/59       EV: 11    Int: 25    God:    Vehumet [******]
Gold:   5468       SH:  7    Dex: 17    Spells: 42/66 levels left

rFire    + + .     SeeInvis +   a - staff of cold
rCold    + + +     Faith    .   I - +2 buckler {AC+3}
rNeg     . . .     Spirit   +   R - +2 robe {rC+ rF+}
rPois    .         Reflect  .   D - +2 helmet {SInv}
rElec    .         Harm     .   n - +2 cloak {Stlth+}
rCorr    .                      l - +1 pair of gloves
MR       ++++.                  B - +2 pair of boots {run}
Stlth    ++........             y - amulet of magic regeneration
HPRegen  1.11/turn              f - ring "Remim" {rF+ MR++ Str+2}
MPRegen  0.61/turn              A - ring "Hoelynn" {rC+ MP+9 Int+3 SInv}

@: drained, quick
A: fangs 3, regeneration 2, magic shield, antimagic bite, no potion heal 3, rot
immunity
}: 2/15 runes: decaying, serpentine
a: Renounce Religion


You were on level 5 of the Vaults.
You worshipped Vehumet.
Vehumet was exalted by your worship.
You visited 8 branches of the dungeon, and saw 40 of its levels.
You visited the Abyss 1 time.
You also visited: Bailey, Gauntlet and Ice Cave.

You collected 8756 gold pieces.
You spent 3288 gold pieces at shops.

Inventory:

Armour
 l - a +1 pair of gloves (worn)
   (You bought it in a shop on level 1 of the Vaults)
 n - a +2 cloak of stealth (worn)
   (You bought it in a shop on level 2 of the Orcish Mines)
 B - a +2 pair of boots of running (worn)
   (You found it on level 3 of the Swamp)
 D - a +2 helmet of see invisible (worn)
   (You found it in a Gauntlet)
 I - a +2 buckler of protection (worn)
   (You found it in a Gauntlet)
 R - a +2 robe of resistance (worn)
   (You took it off an orc sorcerer on level 15 of the Dungeon)
Magical Staves
 a - an uncursed staff of cold (weapon)
   (You acquired it on level 4 of the Lair of Beasts)
 b - an uncursed staff of air
   (You found it in a Gauntlet)
Jewellery
 f - the ring "Remim" (left hand) {rF+ MR++ Str+2}
   (You found it in a Gauntlet)

   [ring of protection from fire]

   It affects your strength (+2).
   It protects you from fire.
   It affects your resistance to hostile enchantments.
 g - an uncursed ring of resist corrosion
   (You found it on level 1 of the Dungeon)
 o - an uncursed ring of protection from fire
   (You took it off a kobold on level 3 of the Dungeon)
 y - an amulet of magic regeneration (around neck)
   (You took it off an orc warrior in a bailey)
 A - the ring "Hoelynn" (right hand) {rC+ MP+9 Int+3 SInv}
   (You acquired it in a bailey)

   [ring of magical power]

   It affects your intelligence (+3).
   It protects you from cold.
   It affects your magic capacity (+9).
   It lets you see invisible.
 E - the ring "Voehy" {*Corrode +Fly rElec MR+++ Str+3}
   (You found it on level 2 of the Lair of Beasts)

   [ring of flight]

   It affects your strength (+3).
   It insulates you from electricity.
   It affects your resistance to hostile enchantments.
   It lets you fly.
   It may corrode you when you take damage.
Wands
 d - a wand of iceblast (30)
   (You found it on level 9 of the Dungeon)
 q - a wand of polymorph (15)
   (You found it on level 10 of the Dungeon)
 t - a wand of flame (41)
   (You took it off Ijyb on level 3 of the Dungeon)
 u - a wand of paralysis (25)
   (You found it on level 8 of the Dungeon)
 v - a wand of digging (52)
   (You found it on level 8 of the Dungeon)
 x - a wand of acid (14)
   (You found it in a Gauntlet)
Scrolls
 c - 18 scrolls of teleportation
 e - 10 scrolls of immolation
 h - 16 scrolls of identify
 i - 8 scrolls of amnesia
 j - 11 scrolls of magic mapping
 p - 14 scrolls of fear
 w - 3 scrolls of enchant armour
 H - 4 scrolls of blinking
 L - 11 scrolls of remove curse
 M - 4 scrolls of fog
 N - a scroll of summoning
 O - a scroll of vulnerability
Potions
 m - 3 potions of resistance
 r - 3 potions of flight
 s - 23 potions of curing
 z - 5 potions of lignification
 C - 3 potions of brilliance
 F - 6 potions of haste
 G - 3 potions of ambrosia
 J - 2 potions of magic
 K - 4 potions of cancellation
 P - a potion of invisibility
 Q - 2 potions of mutation


   Skills:
 + Level 15.5(14.6) Fighting
 - Level 1.5(0.9) Dodging
 - Level 2.4(1.7) Stealth
 - Level 4.0(3.3) Shields
 * Level 22.4(21.3) Spellcasting
 * Level 22.5(21.5) Ice Magic
 * Level 14.1(13.2) Earth Magic


You had 42 spell levels left.
You knew the following spells:

 Your Spells              Type           Power        Failure   Level
a - Ozocubu's Refrigerat  Ice            ########..   1%          6
f - Absolute Zero         Ice            ########..   7%          9
x - Shatter               Erth           #######...   85%         9

Your spell library contained the following spells:

 Spells                   Type           Power        Failure   Level
 Ignition                 Fire           ####......   100%        8
 Freeze                   Ice            ####         0%          1
 Sandblast                Erth           ######       0%          1
 Frozen Ramparts          Ice            ######       0%          3
 Ozocubu's Armour         Ice            ########     0%          3
 Animate Skeleton         Necr           ####..       1%          1
 Corona                   Hex            ####...      1%          1
 Foxfire                  Conj/Fire      ####         1%          1
 Magic Dart               Conj           ####         1%          1
 Pain                     Necr           ####         1%          1
 Sting                    Tmut/Pois      ####         1%          1
 Summon Small Mammal      Summ           ####         1%          1
 Ensorcelled Hibernation  Hex/Ice        ######       1%          2
 Passwall                 Tmut/Erth      ######..     1%          2
 Conjure Flame            Conj/Fire      ####....     1%          3
 Dazzling Flash           Conj/Hex       ####..       1%          3
 Ignite Poison            Fire/Tmut/Pois ####....     1%          3
 Inner Flame              Hex/Fire       ####....     1%          3
 Mephitic Cloud           Conj/Pois/Air  ####....     1%          3
 Static Discharge         Conj/Air       ####....     1%          3
 Stone Arrow              Conj/Erth      ######       1%          3
 Hailstorm                Conj/Ice       #######.     1%          4
 Leda's Liquefaction      Hex/Erth       ######....   1%          4
 Petrify                  Tmut/Erth      ######..     1%          4
 Summon Ice Beast         Ice/Summ       #######.     1%          4
 Lee's Rapid Deconstruct  Erth           #######...   1%          5
 Metabolic Englaciation   Hex/Ice        #######...   1%          5
 Blink                    Tloc           N/A          2%          2
 Call Imp                 Summ           ####....     2%          2
 Corpse Rot               Necr/Air       N/A          2%          2
 Poisonous Vapours        Pois/Air       ####..       2%          2
 Slow                     Hex            ####....     2%          2
 Swiftness                Air            ####....     2%          2
 Bolt of Magma            Conj/Fire/Erth #####.....   2%          5
 Borgnjor's Vile Clutch   Necr/Erth      ######....   3%          5
 Freezing Cloud           Conj/Ice/Air   #######...   3%          6
 Call Canine Familiar     Summ           ####....     4%          3
 Confusing Touch          Hex            ####....     4%          3
 Gell's Gravitas          Tloc           ####......   4%          3
 Lesser Beckoning         Tloc           ####......   4%          3
 Portal Projectile        Hex/Tloc       ####..       4%          3
 Summon Guardian Golem    Hex/Summ       ####....     4%          3
 Teleport Other           Tloc           ####....     4%          3
 Tukima's Dance           Hex            ####....     4%          3
 Vampiric Draining        Necr           ####......   4%          3
 Olgreb's Toxic Radiance  Pois           ####....     4%          4
 Iron Shot                Conj/Erth      ######....   4%          6
 Iskenderun's Battlesphe  Conj           ####....     12%         5
 Lightning Bolt           Conj/Air       ####......   12%         5
 Yara's Violent Unravell  Hex/Tmut       ####......   12%         5
 Animate Dead             Necr           ####......   16%         4
 Cause Fear               Hex            ####......   16%         4
 Passage of Golubria      Tloc           N/A          16%         4
 Summon Lightning Spire   Summ/Air       ####....     16%         4
 Agony                    Necr           ####....     41%         5
 Silence                  Hex/Air        ####......   41%         5
 Summon Demon             Summ           ####......   41%         5
 Summon Forest            Summ/Tloc      ####......   41%         5
 Summon Mana Viper        Hex/Summ       ####....     41%         5
 Death Channel            Necr           ####......   94%         6
 Dispersal                Tloc           ####......   94%         6
 Eringya's Noxious Bog    Tmut/Pois      ####......   94%         6
 Hydra Form               Tmut           ####......   94%         6
 Invisibility             Hex            ####....     94%         6
 Shadow Creatures         Summ           N/A          94%         6
 Spellforged Servitor     Conj/Summ      ####......   96%         7
 Dragon Form              Tmut           ####......   100%        7
 Malign Gateway           Summ/Tloc      ####......   100%        7
 Summon Hydra             Summ           ####......   100%        7
 Discord                  Hex            ####......   100%        8
 Dragon's Call            Summ           ####......   100%        9


Dungeon Overview and Level Annotations

Branches:
Dungeon (15/15)            Temple (1/1) D:5            Lair (6/6) D:9
  Swamp (4/4) Lair:2        Snake (4/4) Lair:4        Slime (0/5) Lair:5
    Orc (2/2) D:10            Elf (3/3) Orc:2        Vaults (5/5) D:14
  Crypt (0/3) Vaults:2     Depths (0/5) D:15         Bailey (visited)
  IceCv (visited)         Gauntlet (visited)

Altars:
Ashenzari
Cheibriados
Dithmenos
Elyvilon
Fedhas
Gozag
Hepliaklqana
Kikubaaqudgha
Makhleb
Nemelex Xobeh
Okawaru
Qazlal
Sif Muna
Trog
Uskayaw
Vehumet
Wu Jian
Xom
Yredelemnul
Zin
The Shining One
Beogh
Jiyva

Shops:
Orc:1 ?   Orc:2 *(?[   Elf:2 !   Snake:2 ?}   Snake:4 }   Vaults:1 [

Portals:
Trove: D:14 (give 7 scrolls of blinking)

Annotations:
D:7 4 runed translucent doors
D:9 3 runed translucent doors
D:14 3 runed translucent doors, Ageugel's ghost, journeyman MiFi
Lair:5 3 runed translucent doors, Bodu's ghost, journeyman NaFi
Lair:6 1 runed translucent door
Swamp:3 1 runed translucent door, Sigryosa's ghost, journeyman HOMo
Snake:2 5 transporters
Elf:1 3 runed translucent doors, kobby's ghost, adept GnMo
Elf:2 3 runed translucent doors


Innate Abilities, Weirdness & Mutations

You have razor-sharp teeth.
You heal very quickly.
When hurt, damage is shared between your health and your magic reserves.
Your bite disrupts and absorbs the magic of your enemies.
Potions cannot restore your health.
You are immune to rotting.


Message History

The ironheart preserver hits you but does no damage.
The vault warden activates a sealing rune.
The hornet barely misses you.
The stone giant throws a large rock.
The large rock hits you.
The titan waves its arms in wide circles.
The air twists around and strikes you!!
There is a sealed passage leading up, spattered with blood here.
Things that are here:
a large rock; a +0 troll leather armour You feel a surge of power!
You chill the hornet to absolute zero!
The hornet is frozen into a solid block of ice!
You kill the hornet!
Vehumet accepts your kill.
You feel your power returning.
You hear a shout! x2; You hear an angry hiss.
You hear a shout! x4
The ogre hits the hornet shaped block of ice with a +0 giant club.
The ironheart preserver barely misses you.
The vault warden hits you with a +0 war axe!
The ogre hits the hornet shaped block of ice but does no damage.
The stone giant throws a large rock.
The large rock hits you!!!
* * * LOW HITPOINT WARNING * * *
You feel a surge of power!
You chill the vault warden to absolute zero!
The vault warden is frozen into a solid block of ice!
You kill the vault warden!
Vehumet accepts your kill.
You feel your power returning.
The runic seals fade away.
You hear a shout!
The ogre hits the human shaped block of ice with a +0 giant club.
You block the ironheart preserver's attack.
The stone giant throws a large rock.
The large rock barely misses you.
The shadow dragon breathes negative energy at you.
The bolt of negative energy hits the human shaped block of ice.
The human shaped block of ice completely resists.
The bolt of negative energy hits you!!!
You feel drained.
* * * LOW HITPOINT WARNING * * *
As you read the scroll of fear, it crumbles to dust.
You assume a fearsome visage.
The golden dragon resists with almost no effort.
The stone giant looks frightened!
The titan resists with almost no effort. x2
The shadow dragon looks frightened!
The ironheart preserver resists with some effort.
The ogre looks frightened! x2
The ironheart preserver hits you with a +0 dire flail!
* * * LOW HITPOINT WARNING * * *
The titan hits you!
* * * LOW HITPOINT WARNING * * *
The titan hits you!!!
You die...

#....# #....# ##
#....# #.##
)######....##.#.#
......#....#.#.#
......[[[...O#
####...[[(8..#####
....[.[.<@p[O.....
....[))<.C8)[.....
.8.)..[.<<[[......
.......[[[[CD.....
#####....[[.$..###
#.)....[....#
#C.#......[[#
D###..[.###.. ..
#....# ...


You could see a shadow dragon (fleeing, catching breath), an ironheart
preserver, 2 titans, a golden dragon, a stone giant (fleeing) and 2 ogres.

Vanquished Creatures
  Mara (Vaults:4)
  A golden dragon (Vaults:5)
  3 tentacled monstrosities (Vaults:5)
  A titan (Vaults:5)
  2 deep elf master archers (Elf:3)
  2 deep elf blademasters (Elf:3)
  A quicksilver dragon (Vaults:5)
  A tengu reaver (Vaults:5)
  A sphinx (Vaults:1)
  3 thorn hunters
  Donald (Orc:2)
  7 nagarajas (Snake:4)
  A fire giant (Vaults:1)
  2 frost giants
  8 vault wardens
  9 deep elf sorcerers
  2 orc warlords
  A deep elf elementalist (Elf:3)
  2 entropy weavers
  A ghoul (Vaults:1)
  3 very ugly things
  2 stone giants
  11 ironheart preservers
  A war gargoyle (Vaults:4)
  8 deep elf demonologists
  11 deep elf annihilators
  2 ettins
  Josephine (D:11)
  10 deep elf death magi
  2 fire dragons
  A deep elf high priest (Elf:3)
  3 great orbs of eyes
  6 yaktaur captains
  A rakshasa (Vaults:3)
  31 vault guards
  An ice dragon (Vaults:2)
  8 ogre magi
  13 naga warriors
  28 hydras
  3 shambling mangroves
  6 death knights
  A ghost crab (Swamp:1)
  19 anacondas
  23 two-headed ogres
  17 dancing weapons
  11 centaur warriors
  6 alligators
  An alligator (shapeshifter) (D:13)
  A deep troll shaman (Vaults:5)
  A tengu warrior (D:14)
  A spriggan berserker (Swamp:4)
  8 shock serpents
  19 naga sharpshooters
  10 deep elf knights
  A hell knight (Vaults:5)
  7 spriggans
  A fire crab (Gauntlet)
  A wretched star (Abyss:2)
  6 salamander mystics (Snake:4)
  5 skeletal warriors (Vaults:1)
  A storm dragon skeleton (Vaults:3)
  3 shadow wraiths (Vaults:3)
  A fire crab (shapeshifter) (D:15)
  4 spriggan druids
  A swamp dragon (shapeshifter) (Vaults:5)
  2 flayed ghosts
  A death drake (shapeshifter) (Vaults:5)
  5 deep trolls (Vaults:5)
  3 glowing orange brains
  6 naga ritualists
  An unseen horror (Vaults:1)
  6 lindwurms
  17 deep elf archers
  10 swamp dragons
  6 wizards
  2 phantasmal warriors (Vaults:1)
  7 orc sorcerers
  9 ironbrand convokers
  11 orc knights
  3 necromancers
  A wolf spider zombie (D:14)
  Pikel (D:5)
  13 mana vipers
  A wolf spider (Vaults:1)
  8 cyclopes
  3 oklob plants (Lair:4)
  49 deep elf magi
  A worldbinder (Abyss:2)
  48 ugly things
  9 salamanders
  A tengu skeleton (Vaults:3)
  2 manticores
  Maurice (Orc:2)
  31 black mambas
  5 elephants (Lair:6)
  3 centaur zombies
  6 guardian serpents
  23 naga magi
  6 torpor snails
  A water nymph (shapeshifter) (Vaults:4)
  A human skeleton (Vaults:3)
  14 cane toads
  8 vault sentinels
  A gargoyle (D:14)
  A komodo dragon (shapeshifter) (Vaults:1)
  A rime drake (shapeshifter) (Vaults:3)
  3 kobold demonologists
  36 yaktaurs
  A human zombie (Vaults:3)
  2 ice devils (IceCv)
  A rime drake (Lair:6)
  6 centaur skeletons
  7 freezing wraiths
  5 komodo dragons
  A hellwing (Abyss:2)
  6 large abominations
  10 polar bears
  7 trolls
  A tyrant leech (shapeshifter) (Vaults:5)
  2 hornets (shapeshifter)
  20 hornets
  10 tyrant leeches
  5 bog bodies
  6 dream sheep
  37 slime creatures
  4 raiju
  A frost giant simulacrum (Vaults:2)
  11 hippogriffs
  11 blink frogs
  2 flying skulls (Abyss:2)
  2 fire giant simulacra
  2 shadows
  2 ynoxinuls (Abyss:2)
  3 wyverns
  Sigmund (D:4)
  A tarantella (Vaults:2)
  A centaur simulacrum (D:15)
  4 wraiths
  A starcursed mass (Abyss:2)
  An air elemental (Elf:1)
  2 water elementals (Elf:3)
  6 fire elementals
  2 basilisks
  5 fire bats (Gauntlet)
  2 golden eyes (Abyss:2)
  44 yaks
  A chaos spawn (Gauntlet)
  2 neqoxecs
  13 swamp worms
  Edmund (D:5)
  6 insubstantial wisps (Swamp:2)
  A soldier ant (shapeshifter) (Vaults:3)
  38 nagas
  23 vampire mosquitoes
  14 wargs
  8 water moccasins
  2 acid dragons
  A deep troll zombie (Vaults:3)
  18 hell hounds
  13 swamp drakes
  8 porcupines
  10 black bears
  A hornet zombie (D:14)
  57 orc warriors
  9 ice beasts
  A phantom (D:12)
  5 sky beasts
  An eye of draining (shapeshifter) (Vaults:2)
  7 boggarts
  26 ogres
  23 wolves
  18 centaurs
  14 crocodiles
  A lemure (D:5)
  Blork the orc (D:4)
  17 bullfrogs
  3 elf zombies (Elf:1)
  3 small abominations (Abyss:2)
  3 big kobolds
  3 earth elementals
  6 scorpions
  6 killer bees (D:13)
  A human simulacrum (Vaults:2)
  11 wights
  3 howler monkeys
  A lava snake (D:7)
  An electric eel (Snake:2)
  A bullfrog zombie (D:6)
  4 hounds
  8 jellies
  27 orc priests
  4 bullfrog skeletons
  4 iguanas
  Ijyb (D:3)
  Natasha (thrice) (D:3)
  31 orc wizards
  13 worker ants
  Robin (D:3)
  A howler monkey zombie (D:9)
  4 gnolls (D:6)
  15 adders
  A shadow imp (D:10)
  5 white imps
  An ufetubus (D:8)
  An adder zombie (D:10)
  2 adder skeletons
  2 worms
  5 leopard geckos
  140 orcs
  2 ball pythons
  7 bats
  6 giant cockroaches
  17 goblins
  11 hobgoblins
  4 jackals (D:9)
  24 kobolds
  4 quokkas
  8 frilled lizards
  5 rats
  38 briar patches
  A butterfly (Lair:5)
  2 crawling corpses (Elf:1)
  A starspawn tentacle (Abyss:2)
1738 creatures vanquished.

Vanquished Creatures (collateral kills)
  A tentacled starspawn (Abyss:2)
  An orc warlord (Orc:1)
  A minotaur (Gauntlet)
  3 hydras
  A thrashing horror (Abyss:2)
  2 wretched stars
  An oklob plant (Lair:4)
  2 elephants (Lair:6)
  3 centaur zombies
  A centaur skeleton (D:15)
  A komodo dragon (Lair:5)
  2 trolls
  A polar bear (Lair:6)
  A hornet (Lair:6)
  A dream sheep (Lair:6)
  A shadow (Swamp:2)
  A fire bat (Gauntlet)
  A large abomination (Abyss:2)
  A basilisk (Lair:3)
  5 yaks
  2 wraiths (D:11)
  2 orc warriors (Bailey)
  An ice beast (D:13)
  3 black bears (Lair:6)
  2 wolves (Lair:6)
  4 centaurs (Bailey)
  A big kobold (D:11)
  A bullfrog (D:8)
  3 wights
  A hound (D:11)
  An orc priest (D:9)
  11 orcs
63 creatures vanquished.

Vanquished Creatures (others)
  A small abomination (Abyss:2)
  A golden eye (Abyss:2)
  A quasit (Abyss:2)
  A white imp (Abyss:2)
  114 blocks of ice
  40 fungi
  167 plants
  4 starspawn tentacles (Abyss:2)
329 creatures vanquished.

Grand Total: 2130 creatures vanquished

Notes
Turn   | Place    | Note
-------+----------+-------------------------------------------
     0 | D:1      | vurker the Vine Stalker Ice Elementalist began the quest
                  | for the Orb.
     0 | D:1      | Reached XP level 1. HP: 9/9 MP: 4/4
   243 | D:1      | Reached XP level 2. HP: 14/14 MP: 3/6
   903 | D:1      | Reached XP level 3. HP: 17/17 MP: 8/8
   939 | D:1      | Learned a level 3 spell: Frozen Ramparts
  1121 | D:2      | Reached skill level 1 in Fighting
  1652 | D:2      | Gained mutation: Your natural rate of healing is unusually
                  | fast. [Vine Stalker growth]
  1652 | D:2      | Reached XP level 4. HP: 22/22 MP: 9/9
  2314 | D:3      | Reached XP level 5. HP: 20/25 MP: 1/11
  2388 | D:3      | Reached skill level 5 in Ice Magic
  2443 | D:3      | Learned a level 4 spell: Hailstorm
  2581 | D:3      | Noticed Natasha
  2742 | D:3      | Killed Natasha
  2742 | D:3      | Reached XP level 6. HP: 16/30 MP: 3/13
  2748 | D:3      | Learned a level 4 spell: Summon Ice Beast
  2870 | D:3      | Noticed Ijyb
  2884 | D:3      | Killed Ijyb
  2917 | D:3      | Noticed Robin
  2930 | D:3      | Killed Robin
  2975 | D:3      | Noticed Natasha
  2983 | D:3      | Killed Natasha
  3063 | D:3      | Noticed Natasha
  3073 | D:3      | Killed Natasha
  3281 | D:3      | Found a stormy altar of Qazlal.
  3496 | D:4      | Found a shadowy altar of Dithmenos.
  3500 | D:4      | Noticed Sigmund
  3510 | D:4      | Killed Sigmund
  3510 | D:4      | Reached skill level 5 in Spellcasting
  3510 | D:4      | Reached XP level 7. HP: 14/35 MP: 1/15
  3808 | D:4      | Noticed a hippogriff
  3817 | D:4      | Killed a hippogriff
  3892 | D:4      | Gained mutation: You have razor-sharp teeth. [Vine Stalker
                  | growth]
  3892 | D:4      | Reached XP level 8. HP: 39/40 MP: 11/17
  4142 | D:4      | Noticed Blork the orc
  4147 | D:4      | Killed Blork the orc
  4420 | D:4      | Found a bloodstained altar of Trog.
  4609 | D:5      | Entered Level 5 of the Dungeon
  4609 | D:5      | Noticed Pikel
  4617 | D:5      | Killed Pikel
  4617 | D:5      | Reached XP level 9. HP: 33/45 MP: 8/21
  4721 | D:5      | Noticed Edmund
  4741 | D:5      | Killed Edmund
  5069 | D:5      | Found a glowing golden altar of the Shining One.
  5111 | D:5      | Found a staircase to the Ecumenical Temple.
  5138 | Temple   | Entered the Ecumenical Temple
  5230 | Temple   | Became a worshipper of Vehumet
  5773 | D:5      | Found a glowing silver altar of Zin.
  5773 | D:5      | Found a sparkling altar of Nemelex Xobeh.
  7011 | D:7      | Reached skill level 5 in Fighting
  7204 | D:7      | Found a huge runed translucent gate.
  7205 | D:7      | Found a huge runed translucent gate.
  7206 | D:7      | Found a huge runed translucent gate.
  7206 | D:7      | Noticed a polar bear
  7207 | D:7      | Noticed a polar bear
  7218 | D:7      | Found a huge runed translucent gate.
  7218 | D:7      | Noticed a death yak
  7218 | D:7      | Noticed a polar bear
  7910 | D:7      | Noticed a polar bear
  8072 | D:8      | Reached * piety under Vehumet
  8072 | D:8      | Offered knowledge of Magic Dart by Vehumet.
  8196 | D:8      | Reached XP level 10. HP: 46/51 MP: 5/24
  9027 | D:9      | Found a shattered altar of Ashenzari.
  9053 | D:9      | Reached skill level 10 in Ice Magic
  9217 | D:9      | Found a runed translucent gate.
  9217 | D:9      | Found a runed translucent gate.
  9218 | D:9      | Found a runed translucent gate.
  9220 | D:9      | Noticed a cyan ugly thing
  9220 | D:9      | Noticed a brown ugly thing
  9227 | D:9      | Noticed a green ugly thing
  9439 | D:9      | Reached ** piety under Vehumet
  9503 | D:9      | Found a staircase to the Lair.
  9513 | D:9      | Offered knowledge of Shock by Vehumet.
 10837 | D:10     | Entered Level 10 of the Dungeon
 10876 | D:10     | Reached skill level 10 in Spellcasting
 10921 | D:10     | Found a sparkling altar of Nemelex Xobeh.
 11030 | D:10     | Noticed a two-headed ogre
 11049 | D:10     | Killed a two-headed ogre
 11185 | D:10     | Found a flagged portal.
 11218 | Bailey   | Entered a bailey
 11350 | Bailey   | Offered knowledge of Static Discharge by Vehumet.
 11687 | Bailey   | Reached XP level 11. HP: 43/58 MP: 2/26
 12259 | Bailey   | Reached *** piety under Vehumet
 13096 | Bailey   | Identified a scroll of acquirement
 13096 | Bailey   | Acquired the ring "Hoelynn" {rC+ MP+9 Int+3 SInv}
 13321 | D:10     | Offered knowledge of Fulminant Prism by Vehumet.
 13484 | D:10     | Found a staircase to the Orcish Mines.
 13591 | D:11     | Found a gate leading to a gauntlet.
 13613 | D:11     | Noticed Josephine
 13626 | D:11     | Killed Josephine
 13705 | D:11     | Reached **** piety under Vehumet
 13822 | Gauntlet | Entered a Gauntlet
 13822 | Gauntlet | Found a transporter.
 13822 | Gauntlet | Found a transporter.
 13826 | Gauntlet | Found a transporter.
 13826 | Gauntlet | Found a transporter.
 13833 | Gauntlet | Noticed a hell beast
 13833 | Gauntlet | Noticed a great orb of eyes
 13836 | Gauntlet | Found a transporter.
 13836 | Gauntlet | Noticed a red ugly thing
 13846 | Gauntlet | Found a transporter.
 13846 | Gauntlet | Found a transporter.
 13846 | Gauntlet | Noticed an orange crystal statue
 13850 | Gauntlet | Noticed a great orb of eyes
 13850 | Gauntlet | Noticed a white ugly thing
 13870 | Gauntlet | Found a transporter.
 13917 | Gauntlet | Found a transporter.
 13932 | Gauntlet | Noticed a shock serpent
 13956 | Gauntlet | Found a transporter.
 13959 | Gauntlet | Noticed a fire crab
 13970 | Gauntlet | Found a transporter.
 13983 | Gauntlet | Found a transporter.
 14055 | Gauntlet | Found a transporter.
 14060 | Gauntlet | Noticed a deep troll
 14060 | Gauntlet | a slime creature changed into a deep troll
 14070 | Gauntlet | Found a transporter.
 14073 | Gauntlet | Noticed a cyclops
 14073 | Gauntlet | a jumping spider changed into a cyclops
 14082 | Gauntlet | Noticed a dire elephant
 14091 | Gauntlet | Found a transporter.
 14100 | Gauntlet | Found a transporter.
 14155 | Gauntlet | Noticed a death drake
 14155 | Gauntlet | a merfolk changed into a death drake
 14191 | Gauntlet | Acquired 810 gold pieces
 14209 | Gauntlet | Offered knowledge of Sticky Flame by Vehumet.
 14257 | Gauntlet | Got an ancient brass ring
 14259 | Gauntlet | Identified the ring "Remim" {rF+ MR++ Str+2} (You found it
                  | in a Gauntlet)
 14293 | Gauntlet | Killed a fire crab
 14300 | Gauntlet | Got a pair of steaming gloves
 14393 | Gauntlet | Identified the -2 pair of gloves "Zoor" {rC+} (You found it
                  | in a Gauntlet)
 14629 | Gauntlet | Killed a red ugly thing
 14629 | Gauntlet | Killed a great orb of eyes
 14629 | Gauntlet | Gained mutation: You heal very quickly. [Vine Stalker
                  | growth]
 14629 | Gauntlet | Reached XP level 12. HP: 52/64 MP: 22/29
 14707 | Gauntlet | Noticed a minotaur
 14719 | Gauntlet | Killed a minotaur
 14800 | Gauntlet | Identified the Disquisition on Damaging Changing
 14805 | Gauntlet | Identified the Papyrus of Translocation and Conjuration
 14813 | Gauntlet | Got a dazzling plate armour
 14873 | D:11     | Noticed an eight-headed hydra
 14887 | D:11     | Killed an eight-headed hydra
 15095 | D:11     | Reached ***** piety under Vehumet
 15099 | D:11     | Offered knowledge of Bolt of Magma by Vehumet.
 15311 | D:11     | Got a jewelled whip
 15537 | D:11     | Identified the cursed +2 whip "Z" {distort, MR- Str+2
                  | Int+2} (You found it on level 11 of the Dungeon)
 15547 | D:11     | Cast into level 2 of the Abyss (unwielding a weapon of
                  | distortion)
 15633 | Abyss:2  | Found a corrupted altar of Lugonu.
 15647 | Abyss:2  | Reached skill level 1 in Shields
 15648 | Abyss:2  | Noticed a thrashing horror
 15657 | Abyss:2  | Killed a thrashing horror
 15713 | Abyss:2  | Noticed a tentacled starspawn
 15729 | Abyss:2  | Noticed a wretched star
 15743 | Abyss:2  | Killed a wretched star
 15771 | Abyss:2  | Killed a tentacled starspawn
 15778 | Abyss:2  | Noticed a thrashing horror
 15778 | Abyss:2  | Noticed a thrashing horror
 16101 | Abyss:2  | Noticed a wretched star
 16111 | Abyss:2  | Killed a wretched star
 16199 | Abyss:2  | Noticed a starcursed mass
 16237 | Abyss:2  | Noticed a starcursed mass
 16344 | Abyss:2  | Found a corrupted altar of Lugonu.
 16371 | Abyss:2  | Noticed an angel
 16419 | Abyss:2  | Reached XP level 13. HP: 69/69 MP: 31/31
 16549 | D:11     | Escaped the Abyss
 16902 | Lair:1   | Entered Level 1 of the Lair of Beasts
 17553 | Lair:2   | Found a frozen archway.
 17616 | IceCv    | Entered an ice cave
 17655 | IceCv    | HP: 2/70 [ice devil (8)]
 17838 | Lair:2   | Found a stormy altar of Qazlal.
 17897 | Lair:2   | Got a translucent lead ring
 17913 | Lair:2   | Identified the ring "Voehy" {*Corrode +Fly rElec MR+++
                  | Str+3} (You found it on level 2 of the Lair of Beasts)
 18208 | Lair:2   | Found a staircase to the Swamp.
 19669 | Lair:4   | Offered knowledge of Starburst by Vehumet.
 19758 | Lair:4   | Found a staircase to the Snake Pit.
 20000 | Lair:4   | Reached XP level 14. HP: 19/75 MP: 13/33
 20840 | Lair:4   | Acquired an uncursed staff of cold
 20845 | Lair:4   | Acquired 510 gold pieces
 20937 | Lair:5   | Reached skill level 15 in Ice Magic
 21107 | Lair:5   | Noticed Bodu's ghost (journeyman NaFi)
 21133 | Lair:5   | Found a runed translucent gate.
 21133 | Lair:5   | Found a runed translucent gate.
 21468 | Lair:5   | Found a runed translucent gate.
 21699 | Lair:5   | Found a staircase to the Slime Pits.
 21857 | Lair:6   | Entered Level 6 of the Lair of Beasts
 21944 | Lair:6   | Reached skill level 10 in Fighting
 22099 | Lair:6   | Reached skill level 15 in Spellcasting
 22417 | Lair:6   | Reached ****** piety under Vehumet
 22775 | Lair:6   | Found a hide-covered altar of Uskayaw.
 22843 | Lair:6   | Offered knowledge of Spellforged Servitor by Vehumet.
 23102 | Lair:6   | Found a runed translucent door.
 23156 | Lair:6   | Paralysed by a hornet for 1 turns
 23397 | Lair:6   | Reached XP level 15. HP: 67/81 MP: 26/35
 24119 | Orc:1    | Entered Level 1 of the Orcish Mines
 24119 | Orc:1    | Noticed an orc warlord
 24128 | Orc:1    | Killed an orc warlord
 24280 | Orc:1    | Noticed an orc warlord
 24290 | Orc:1    | Killed an orc warlord
 24330 | Orc:1    | Found Abeimulu's Magic Scroll Emporium.
 24409 | Orc:2    | Entered Level 2 of the Orcish Mines
 24460 | Orc:2    | Found a bloodstained altar of Trog.
 25208 | Orc:2    | Found a roughly hewn altar of Beogh.
 25238 | Orc:2    | Found a roughly hewn altar of Beogh.
 25268 | Orc:2    | Offered knowledge of Ozocubu's Refrigeration by Vehumet.
 25280 | Orc:2    | Learned a level 6 spell: Ozocubu's Refrigeration
 25354 | Orc:2    | Found a staircase to the Elven Halls.
 25357 | Orc:2    | Noticed Maurice
 25359 | Orc:2    | Killed Maurice
 25481 | Orc:2    | Noticed Donald
 25485 | Orc:2    | Killed Donald
 25598 | Orc:2    | Found a roughly hewn altar of Beogh.
 25671 | Orc:2    | Noticed an orc warlord
 25675 | Orc:2    | Killed an orc warlord
 26057 | Orc:2    | Found a roughly hewn altar of Beogh.
 26058 | Orc:2    | Found Hycekorr's Assorted Antiques.
 26066 | Orc:2    | Bought a scroll labeled ODOKIWN ETZOESUST for 30 gold
                  | pieces
 26066 | Orc:2    | Bought a scroll labeled NAVVI WIUVVAE for 30 gold pieces
 26131 | Orc:2    | Found Axedeuq's Antique Armour Shop.
 26132 | Orc:2    | Found a roughly hewn altar of Beogh.
 26133 | Orc:2    | Found Juafadeiblo's Antique Weapon Boutique.
 26280 | Orc:2    | Found a roughly hewn altar of Beogh.
 26284 | Orc:2    | Found Guodyoh's Magic Scroll Shoppe.
 26400 | Orc:1    | Bought a scroll of magic mapping for 52 gold pieces
 26400 | Orc:1    | Bought a scroll of fog for 30 gold pieces
 26400 | Orc:1    | Bought a scroll of teleportation for 45 gold pieces
 26400 | Orc:1    | Bought a scroll of immolation for 52 gold pieces
 26400 | Orc:1    | Bought a scroll of acquirement for 780 gold pieces
 26400 | Orc:1    | Bought a scroll of fear for 52 gold pieces
 26400 | Orc:1    | Bought a scroll of enchant armour for 112 gold pieces
 26400 | Orc:1    | Acquired a +1 pair of boots of stealth
 26470 | Orc:2    | Bought a scroll of fog for 24 gold pieces
 26470 | Orc:2    | Bought a scroll of immolation for 42 gold pieces
 26470 | Orc:2    | Bought a scroll of immolation for 42 gold pieces
 26470 | Orc:2    | Bought a scroll of teleportation for 36 gold pieces
 26470 | Orc:2    | Bought a scroll of fear for 42 gold pieces
 26509 | Orc:2    | Bought a potion of cancellation for 240 gold pieces
 26509 | Orc:2    | Bought a scroll of magic mapping for 105 gold pieces
 26542 | Orc:2    | Bought an embroidered cloak for 195 gold pieces
 26542 | Orc:2    | Bought a slimy buckler for 247 gold pieces
 26542 | Orc:2    | Identified the cursed -2 buckler of Wrong Decisions {rN++}
                  | (You bought it in a shop on level 2 of the Orcish Mines)
 27211 | D:12     | Found a blossoming altar of Fedhas.
 27475 | D:13     | Found a viscous altar of Jiyva.
 27907 | D:13     | Offered knowledge of Fireball by Vehumet.
 28801 | D:14     | Found a portal to a secret trove of treasure.
 28960 | D:14     | Reached XP level 16. HP: 87/87 MP: 37/37
 29172 | D:14     | Found a runed translucent gate.
 29173 | D:14     | Found a runed translucent gate.
 29190 | D:14     | Found a runed translucent gate.
 29201 | D:14     | Noticed Ageugel's ghost (journeyman MiFi)
 29715 | D:14     | Found a gate to the Vaults.
 29848 | D:15     | Entered Level 15 of the Dungeon
 30318 | D:15     | Offered knowledge of Conjure Ball Lightning by Vehumet.
 30868 | D:15     | Found a staircase to the Depths.
 31219 | Swamp:1  | Entered Level 1 of the Swamp
 33024 | Swamp:2  | Offered knowledge of Lehudib's Crystal Spear by Vehumet.
 33452 | Swamp:2  | Got a blackened hunting sling
 33612 | Swamp:3  | Identified a +0 pair of boots of running (You found it on
                  | level 3 of the Swamp)
 33638 | Swamp:3  | Reached XP level 17. HP: 93/93 MP: 28/40
 34326 | Swamp:3  | Found a runed translucent door.
 34329 | Swamp:3  | Identified the cursed +2 spear "Hiumog" {vorpal, SInv}
 34329 | Swamp:3  | Noticed Sigryosa's ghost (journeyman HOMo)
 34545 | Swamp:4  | Entered Level 4 of the Swamp
 35592 | Swamp:4  | Offered knowledge of Shatter by Vehumet.
 35592 | Swamp:4  | Offered knowledge of Ignition by Vehumet.
 35592 | Swamp:4  | Offered knowledge of Absolute Zero by Vehumet.
 35603 | Swamp:4  | Learned a level 9 spell: Absolute Zero
 35660 | Swamp:4  | Got a dazzling plate armour
 35919 | Swamp:4  | Got a decaying rune of Zot
 36189 | Snake:1  | Entered Level 1 of the Snake Pit
 37056 | Snake:2  | Found a transporter.
 37057 | Snake:2  | Found a transporter.
 37064 | Snake:2  | Found Pecwom's Gadget Emporium.
 37069 | Snake:2  | Found Nyetus's Magic Scroll Emporium.
 37076 | Snake:2  | Bought a scroll of magic mapping for 63 gold pieces
 37076 | Snake:2  | Bought a scroll of fear for 63 gold pieces
 37076 | Snake:2  | Bought a scroll of immolation for 63 gold pieces
 37076 | Snake:2  | Bought a scroll of magic mapping for 63 gold pieces
 37076 | Snake:2  | Bought a scroll of teleportation for 54 gold pieces
 37246 | Snake:2  | Got a transparent great sword
 37256 | Snake:2  | Found a transporter.
 37358 | Snake:2  | Reached XP level 18. HP: 99/99 MP: 29/42
 37399 | Snake:2  | Found a transporter.
 37423 | Snake:2  | Learned a level 9 spell: Shatter
 37510 | Snake:2  | Found a transporter.
 38254 | Snake:3  | Reached skill level 1 in Earth Magic
 39142 | Snake:4  | Entered Level 4 of the Snake Pit
 39225 | Snake:4  | Found Bevahus's Gadget Boutique.
 39398 | Snake:4  | Acquired 1770 gold pieces
 40030 | Snake:4  | Reached skill level 5 in Earth Magic
 40706 | Snake:4  | Reached XP level 19. HP: 105/105 MP: 43/43
 41453 | Snake:4  | Got a serpentine rune of Zot
 41836 | Elf:1    | Entered Level 1 of the Elven Halls
 42072 | Elf:1    | Found a runed translucent gate.
 42072 | Elf:1    | Found a runed translucent gate.
 42072 | Elf:1    | Found a runed translucent gate.
 42074 | Elf:1    | Identified the amulet "Ykust" {RegenMP Str+8 Int+4}
 42078 | Elf:1    | Noticed kobby's ghost (adept GnMo)
 42082 | Elf:1    | Found the +8 longbow "Zephyr" {speed, Dex+3 SInv}
 43193 | Elf:1    | Identified the Volume of Dark Magic
 43725 | Elf:2    | Found Mokhlomp's Distillery.
 43733 | Elf:2    | Bought 2 potions of mutation for 176 gold pieces
 43733 | Elf:2    | Bought a potion of haste for 110 gold pieces
 43768 | Elf:2    | Acquired 890 gold pieces
 43892 | Elf:2    | Found a runed translucent gate.
 43892 | Elf:2    | Found a runed translucent gate.
 43894 | Elf:2    | Found a runed translucent gate.
 43935 | Elf:2    | Identified the Handbook of Creative Combat Magic
 44031 | Elf:3    | Entered Level 3 of the Elven Halls
 44465 | Elf:3    | Reached XP level 20. HP: 111/111 MP: 42/45
 44783 | Elf:3    | Identified the +3 leather armour of the Gusle {rN+ Int+2
                  | Dex+4 Slay-5}
 44994 | Elf:3    | Identified the +4 rapier "Kuuc" {venom, rN+ Dex+6}
 45038 | Elf:3    | Identified the +3 short sword "Dragonslayer" {flame,
                  | *Contam +Fly rC+ Dex+2}
 45055 | Elf:3    | Identified the amulet of the Empty Page {Reflect Str+3
                  | Dex+2 SH+5}
 45459 | Elf:3    | Identified the Reference Book on Creative Dislocation
 45462 | Elf:3    | Identified the Compendium of Excruciating Calling
 45489 | Elf:3    | Got a blackened flail
 45490 | Elf:3    | Identified the +0 flail "Oderu" {vorpal, SInv} (You found
                  | it on level 3 of the Elven Halls)
 45783 | Elf:3    | Reached skill level 10 in Earth Magic
 46374 | Vaults:1 | Entered Level 1 of the Vaults
 46802 | Vaults:1 | Found Masela Ziha's Antique Armour Shop.
 46851 | Vaults:1 | Bought a pair of runed gloves for 270 gold pieces
 46851 | Vaults:1 | Bought a runed helmet for 270 gold pieces
 47674 | Vaults:1 | Reached XP level 21. HP: 116/116 MP: 41/47
 49073 | Vaults:2 | Found a staircase to the Crypt.
 49899 | Vaults:3 | Got a tattered robe
 49903 | Vaults:3 | Identified the +2 robe "Vacud" {rC+ Str+6 Int-5 SInv} (You
                  | found it on level 3 of the Vaults)
 50390 | Vaults:3 | Reached skill level 15 in Fighting
 50517 | Vaults:3 | Reached XP level 22. HP: 122/122 MP: 47/48
 50918 | Vaults:3 | Got a sapphire arbalest
 51021 | Vaults:3 | Identified the +1 mace "Menti" {holy, rElec Int+3}
 51382 | Vaults:4 | Noticed Mara
 51384 | Vaults:4 | Killed Mara
 52494 | Vaults:5 | Entered Level 5 of the Vaults
 52547 | Vaults:5 | Noticed a golden dragon
 52628 | Vaults:5 | Killed a golden dragon
 52638 | Vaults:5 | Reached XP level 23. HP: 74/127 MP: 17/50
 52722 | Vaults:5 | Noticed a golden dragon
 52824 | Vaults:5 | Demolished by a titan

Illustrated notes

Levels and vault maps discovered:
D:1:      lightli_molten_gateway, layout_basic
D:2:      layout_basic, roderic_serpentine_path
D:3:      layout_rooms, grunt_qazlal_sundering, uniq_robin, uniq_ijyb,
          uniq_natasha
D:4:      layout_loops_ring, nicolae_overflow_crystal_walls,
          nicolae_dithmenos_through_a_glass_darkly, uniq_blork_the_orc,
          uniq_sigmund
D:5:      layout_loops_ring, gammafunk_temple_overflow_pools,
          minmay_temple_entry_large_hall, kennysheep_crisscross, tso_metal_star,
          uniq_pikel, uniq_edmund
D:6:      layout_rooms, kennysheep_generic_room_14
D:7:      lemuel_bear_cage, layout_gridville, kennysheep_small_spiral
D:8:      layout_basic
D:9:      layout_loops_corners, nicolae_ashenzari_panopticon, lair_entry_dummy,
          ploomutoo_gammafunk_ghost_potion_laboratory, serial_rivers,
          chequers_serial_rivers_large_b, chequers_serial_rivers_small_3,
          chequers_serial_rivers_marsh, chequers_serial_rivers_small_a,
          chequers_serial_rivers_room_b
D:10:     layout_rooms, hiddenorc1_lemuel, enter_bailey_8,
          nemelex_xobeh_ov_fountains_minmay
D:11:     layout_basic, gauntlet_entry_generic, blue_anna_alchemist
          [blue_anna_fruit_fields, blue_anna_fruit_fields], uniq_josephine
D:12:     layout_roguey, basic_altar
D:13:     layout_gridville, drop_trap, jiyva_altar_1
D:14:     layout_loops_ring, david_vaults_5, gammafunk_ghost_split,
          chequers_serial_rivers_room_b, nicolae_trove_entry_diagonal
D:15:     grunt_enter_depths_magical_seal, layout_loops_ring,
          hangedman_decor_riveting
Temple:   eino_narrow_crystal_temple
Lair:1:   layout_concentric_octagons, lemuel_old_faithful
Lair:2:   layout_loops_ring, minmay_swamp_entry_worms, basic_altar,
          portal_ice_cave_entry_ice_beasts, grunt_megastairs_4
Lair:3:   layout_small_grid, lemuel_fruit_tree
Lair:4:   layout_regular_city, minmay_snake_entry_guardpost_small, serial_bayou,
          serial_bayou_pond_e, serial_bayou_pond_e, serial_bayou_pond_a,
          serial_bayou_pond_d, infiniplex_staircase_pool,
          minmay_lair_oklob_chamber
Lair:5:   layout_long_grid, dpeg_slime_entry_corner, gammafunk_ghost_split,
          grunt_megastairs_3, lemuel_fruit_fields
Lair:6:   hangedman_lair_caniforms_friends, layout_cave_pods, wormcave,
          basic_altar
Swamp:1:  layout_basic_swamp, evilmike_swamp_ruin_house_4
Swamp:2:  layout_basic_swamp, evilmike_swamp_ruin_wall, swamp_pool4
Swamp:3:  layout_falls_marsh, ebering_ghost_funeral_grove,
          nicolae_swamp_trees_clearing, swamp_pool1
Swamp:4:  swamp_basic_johnstein, layout_basic_swamp, swamp_pool3
Snake:1:  layout_grid_shapes
Snake:2:  gammafunk_the_bubble [the_bubble_gammafunk_roulette],
          layout_layer_cave, serial_bayou_pond_c, minmay_shop_star,
          serial_bayou_shore_b
Snake:3:  layout_concentric_octagons, grunt_megastairs_2
Snake:4:  snake_pit_salamanders_mu, layout_cave_shapes, serial_shops,
          nicolae_shop_statue_plus, serial_bayou_shore_b
Orc:1:    layout_diamond_mine, serial_shops, shop, nicolae_orc_damp_corner
Orc:2:    grunt_orc_community_town_hall, layout_diamond_mine,
          grunt_orc_community_big_house_1, grunt_orc_community_big_house_2,
          grunt_orc_community_house_3, grunt_orc_community_house_2,
          grunt_orc_community_house_2, grunt_orc_community_house_2,
          grunt_orc_community_house_1, bloody_trog, uniq_maurice, uniq_donald
Elf:1:    layout_loops_ring, gammafunk_ghost_split, minmay_elf_necromancy
Elf:2:    layout_geoelf_octagon, serial_shops, shop, library_closet,
          dk_noncrumbling_4, minmay_elf_sorcery
Elf:3:    grunt_elf_hall_asides, layout_onion_city, kb_rosetta,
          hangedman_decor_cross_pass
Vaults:1: v_misc_8, nicolae_vaults_little_squares_2, vaults_room_hallway,
          vaults_room_grunt_arrival_ludios, v_rooms_5, v_misc_10, st_check,
          ontoclasm_vaults_pinch, layout_vaults_big_room, serial_shops, shop
Vaults:2: nicolae_vaults_ninety_degrees, v_misc_8,
          hangedman_vaults_corner_blocks, nicolae_vaults_specimen_jars,
          nicolae_vaults_little_squares_1, vaults_dpeg_encased_lava,
          blue_anna_dwarven_crypt, v_rooms_4, nicolae_vaults_yaktaur_gun_rack,
          v_alt_pattern_2, layout_vaults_quadrants
Vaults:3: v_misc_8, ontoclasm_vaults_loading_screen, vaults_mumra_minichess,
          grunt_vaults_diagonal, vaults_standard_mumra_enter_the_diamond,
          vaults_room_pools, v_misc_16, hangedman_vaults_nails,
          ontoclasm_vaults_hangar, nicolae_vaults_what_the_h,
          ontoclasm_vaults_idyll, nicolae_vaults_meeting, layout_vaults_maze
Vaults:4: v_alt_pattern_2, v_misc_33, v_rooms_3, grunt_vaults_funnel,
          hangedman_vaults_locks, grunt_vaults_focal, nicolae_vaults_asterisk,
          ontoclasm_vaults_spin, ontoclasm_vaults_twist, layout_vaults_ring,
          serial_glass, uniq_mara
Vaults:5: uniq_margery

Skill      XL: |  1  2  3  4  5  6  7  8  9 10 11 12 13 14 15 16 17 18 19 20 21 22 23 |
---------------+----------------------------------------------------------------------+-----
Fighting       | 1 2 3 4 5 6 7 8 9 10 11 12 13 14 15 | 15.5
Spellcasting   | 3 4 5 7 9 10 12 13 14 15 16 18 19 20 21 22 | 22.4
Ice Magic      | 5 6 8 9 11 12 13 14 16 17 18 19 20 21 22 | 22.5
Shields        | 2 4 |  4.0
Earth Magic    | 5 8 10 12 13 14 | 14.1
Dodging        | |  1.5
Stealth        | |  2.4

Action                   |  1- 3 |  4- 6 |  7- 9 | 10-12 | 13-15 | 16-18 | 19-21 | 22-24 || total
-------------------------+-------+-------+-------+-------+-------+-------+-------+-------++-------
Melee: Unarmed           |     3 |       |       |       |       |       |       |       ||     3
       Bite              |    10 |    12 |     6 |    30 |    35 |    24 |    11 |       ||   128
       Dagger            |    57 |    59 |     6 |       |       |       |       |       ||   122
       Whip              |       |       |    40 |    91 |    45 |       |       |       ||   176
       Staff             |       |       |       |       |    43 |    46 |    29 |       ||   118
 Cast: Freeze            |    26 |    29 |    74 |    61 |   221 |       |       |       ||   411
       Frozen Ramparts   |       |    16 |    36 |    62 |   102 |       |       |       ||   216
       Hailstorm         |       |       |     9 |   132 |   284 |    11 |       |       ||   436
       Summon Ice Beast  |       |       |     5 |    82 |    95 |    11 |       |       ||   193
       Ozocubu's Refrige |       |       |       |       |   162 |   590 |   436 |    77 ||  1265
       Absolute Zero     |       |       |       |       |       |       |    68 |    48 ||   116
Evoke: Wand              |       |       |       |     9 |     6 |     4 |     3 |       ||    22
  Use: Scroll            |       |       |    15 |     8 |    20 |     9 |     8 |     1 ||    61
 Stab: Sleeping          |     4 |     1 |       |       |       |       |       |       ||     5
Armor: Robe              |    10 |       |    16 |    79 |   151 |    52 |    28 |     4 ||   340
       Leather armour    |    13 |    30 |     9 |       |       |       |       |       ||    52
Dodge: Dodged            |    44 |    45 |    63 |   176 |   201 |    44 |    44 |    12 ||   629
Block: Buckler           |       |       |       |    21 |   139 |    21 |    21 |     5 ||   207

Table legend: (Time is in decaauts)
 A = Elapsed time spent in this place.
 B = Non-inter-level travel time spent in this place.
 C = Inter-level travel time spent in this place.
 D = Time resting spent in this place.
 E = Time spent auto-exploring this place.
 F = Levels seen in this place.
 G = Mean time per level.
                   A        B        C        D        E       F      G
               +--------+--------+--------+--------+--------+-----+--------+
         Total |  52276 |  49234 |   3042 |   1772 |  39085 |  44 | 1188.1 |
       Dungeon |  17939 |  16686 |   1253 |    792 |  13116 |  15 | 1195.9 |
        Temple |    131 |    105 |     26 |      0 |    103 |   1 |  131.0 |
          Lair |   7339 |   6921 |    418 |    206 |   5446 |   6 | 1223.2 |
         Swamp |   5053 |   4876 |    177 |    121 |   4187 |   4 | 1263.2 |
     Snake Pit |   5227 |   4944 |    283 |      0 |   4336 |   4 | 1306.8 |
  Orcish Mines |   2618 |   2318 |    300 |     76 |   1769 |   2 | 1309.0 |
   Elven Halls |   3874 |   3720 |    154 |     72 |   3044 |   3 | 1291.3 |
        Vaults |   6106 |   5677 |    429 |    233 |   4582 |   5 | 1221.2 |
         Abyss |   1009 |   1009 |      0 |      0 |    654 |   1 | 1009.0 |
        Bailey |   1894 |   1894 |      0 |      4 |   1350 |   1 | 1894.0 |
      Ice Cave |     60 |     60 |      0 |      0 |      6 |   1 |   60.0 |
      Gauntlet |   1020 |   1020 |      0 |    268 |    490 |   1 | 1020.0 |
               +--------+--------+--------+--------+--------+-----+--------+

Top non-repeatable levels by time:
 Snake:4: 2410 daAuts
  Lair:6: 2127 daAuts
  Bailey: 1894 daAuts
     D:9: 1821 daAuts
   Elf:3: 1774 daAuts
   Orc:2: 1767 daAuts
Vaults:2: 1725 daAuts
     D:2: 1529 daAuts
 Swamp:4: 1495 daAuts
  Lair:4: 1476 daAuts
Vaults:3: 1456 daAuts
Vaults:4: 1435 daAuts
Vaults:1: 1429 daAuts
    D:13: 1378 daAuts
    D:14: 1342 daAuts
